[Event "IM Marmaris Karia X 2019"]
[Site "Marmaris"]
[Date "2019.08.28"]
[Round "2.1"]
[White "Benidze, Davit"]
[Black "Tarlabasi, Emirhan"]
[Result "1/2-1/2"]
[ECO "C00"]
[WhiteElo "2431"]
[BlackElo "2341"]
[Annotator "NA"]
[PlyCount "83"]
[EventDate "2019.09.02"]
[EventType "schev"]
[EventCountry "TUR"]
[SourceTitle "playchess.com"]
[Source "ChessBase"]
[SourceQuality "1"]
[TimeControl "5400+30"]

1. Nf3 d5 2. g3 Nf6 3. Bg2 e6 4. O-O Be7 5. d3 O-O 6. Nbd2 c5 7. e4 Nc6 8. Re1 Qc7 9. c3 b5 10. Nf1 Bb7 11. e5 Nd7 12. Bf4 b4 13. h4 a5 14. Ne3 Qb6 15. h5 a4 16. a3 bxc3 17. bxc3 Na5 18. Qxa4 Bc6 19. Qc2 Qb3 20. Qd2 Rfb8 21. Ra2 Qa4 22. Ng4 Rb3 23. h6 g6 24. Qc1 d4 25. cxd4 Rxd3 26. Nd2 Bxg2 27. Kxg2 Qxd4 28. Ne4 Qd5 29. Bg5 Rd4 30. Rae2 Nb3 31. Qf4 Bxg5 32. Qxg5 Rxe4 33. Rxe4 Nd2 34. Nf6+ Nxf6 35. Qxf6 Kf8 36. Qg7+ Ke7 37. f3 Nxe4 38. Rxe4 Qd2+ 39. Kh3 Qd1 40. Kg4 Ra4 41. Qf6+ Ke8 42. Qh8+ 1/2-1/2

[Event "IM Marmaris Karia X 2019"]
[Site "Marmaris"]
[Date "2019.08.28"]
[Round "2.2"]
[White "Abdulov, Orkhan"]
[Black "Kizilkus, Akin"]
[Result "1/2-1/2"]
[ECO "E73"]
[WhiteElo "2384"]
[BlackElo "2376"]
[Annotator "NA"]
[PlyCount "106"]
[EventDate "2019.09.02"]
[EventType "schev"]
[EventCountry "TUR"]
[SourceTitle "playchess.com"]
[Source "ChessBase"]
[SourceQuality "1"]
[TimeControl "5400+30"]

1. c4 Nf6 2. Nc3 g6 3. d4 Bg7 4. e4 d6 5. Be2 O-O 6. Be3 e5 7. d5 Na6 8. g4 Nc5 9. f3 a5 10. h4 h5 11. g5 Nh7 12. Qd2 f6 13. O-O-O fxg5 14. hxg5 a4 15. Nh3 Bd7 16. Nf2 b6 17. Nb5 Be8 18. Rhg1 Qe7 19. Nd3 Na6 20. Qc3 Rf7 21. Qa3 Qd8 22. f4 exf4 23. Nxf4 Rxf4 24. Bxf4 Bxb5 25. cxb5 Nc5 26. Bd3 Nf8 27. Be3 Nfd7 28. Bc2 Ne5 29. Bd4 Qe8 30. Qb4 Ra5 31. Qc3 Qxb5 32. Rgf1 Qe8 33. b4 axb3 34. axb3 Ra8 35. b4 Na6 36. Rf6 Bxf6 37. gxf6 Kf7 38. Kb2 Kxf6 39. Ra1 Qb5 40. Bxe5+ dxe5 41. Qc6+ Qxc6 42. dxc6 b5 43. Kc3 h4 44. Bd3 h3 45. Bxb5 h2 46. Rh1 Nxb4 47. Rxh2 Na2+ 48. Kb3 Rb8 49. Rxa2 Rxb5+ 50. Kc4 Rb1 51. Ra7 Rc1+ 52. Kd5 Rd1+ 53. Kc5 Rc1+ 1/2-1/2

[Event "IM Marmaris Karia X 2019"]
[Site "Marmaris"]
[Date "2019.08.28"]
[Round "2.3"]
[White "Darban, Morteza"]
[Black "Caglar, Sila"]
[Result "1-0"]
[ECO "B44"]
[WhiteElo "2283"]
[BlackElo "2242"]
[Annotator "NA"]
[PlyCount "79"]
[EventDate "2019.09.02"]
[EventType "schev"]
[EventCountry "TUR"]
[SourceTitle "playchess.com"]
[Source "ChessBase"]
[SourceQuality "1"]
[TimeControl "5400+30"]

1. e4 c5 2. Nf3 Nc6 3. d4 cxd4 4. Nxd4 e6 5. Nb5 d6 6. c4 Nf6 7. N5c3 a6 8. Be3 Qc7 9. Be2 Be7 10. O-O O-O 11. Nd2 b6 12. Rc1 Ne5 13. f4 Ned7 14. g4 Bb7 15. g5 Ne8 16. Qe1 Qd8 17. Qg3 Nc7 18. Nb3 f6 19. h4 b5 20. Na5 Rb8 21. a3 Ba8 22. b4 bxc4 23. Bxc4 Nb6 24. Bb3 Kh8 25. Qf2 Nb5 26. Nxb5 axb5 27. Bxe6 Bxe4 28. Rfe1 Ba8 29. Bxb6 Qxb6 30. Qxb6 Rxb6 31. Bd7 Bd8 32. Rc8 Bb7 33. Nxb7 Rxb7 34. Re8 Rxe8 35. Bxe8 Bb6+ 36. Kg2 Rc7 37. Rb8 Rc2+ 38. Kf3 Rc3+ 39. Ke2 Ba7 40. Ra8 1-0

[Event "IM Marmaris Karia X 2019"]
[Site "Marmaris"]
[Date "2019.08.28"]
[Round "2.4"]
[White "Rakhmangulova, Anastasiya"]
[Black "Sahin, Ozgun"]
[Result "0-1"]
[ECO "C00"]
[WhiteElo "2204"]
[BlackElo "2205"]
[Annotator "NA"]
[PlyCount "88"]
[EventDate "2019.09.02"]
[EventType "schev"]
[EventCountry "TUR"]
[SourceTitle "playchess.com"]
[Source "ChessBase"]
[SourceQuality "1"]
[TimeControl "5400+30"]

1. e4 c5 2. Nf3 e6 3. g3 Nc6 4. Bg2 Nf6 5. d3 d5 6. Nbd2 Be7 7. O-O O-O 8. e5 Nd7 9. Re1 Qc7 10. Qe2 b5 11. Nf1 a5 12. h4 a4 13. h5 a3 14. b3 Nd4 15. Nxd4 cxd4 16. Bf4 Bb4 17. h6 g6 18. Rec1 Bc3 19. Rab1 Bb7 20. Nh2 Rfc8 21. Ng4 Bb2 22. Bg5 Bxc1 23. Rxc1 Ra6 24. Be7 Rc6 25. Qf3 f5 26. exf6 Kf7 27. Bxa3 Ra6 28. Bb4 Rxa2 29. Kh2 Ne5 30. Qf4 Nxg4+ 31. Qxg4 Qe5 32. Re1 Qh5+ 33. Qxh5 gxh5 34. Bf3 Rcxc2 35. Bxh5+ Kxf6 36. Bd6 Rxf2+ 37. Kh3 Rh2+ 38. Kg4 Rhe2 39. Rf1+ Rf2 40. Re1 Rae2 41. Rc1 Rc2 42. Re1 Rf5 43. Be8 Bc8 44. Kh3 e5 0-1

[Event "IM Marmaris Karia X 2019"]
[Site "Marmaris"]
[Date "2019.08.28"]
[Round "2.5"]
[White "Nagy, Gabor"]
[Black "Altun, Arda"]
[Result "1-0"]
[ECO "A37"]
[WhiteElo "2484"]
[BlackElo "2151"]
[Annotator "ChessBase"]
[PlyCount "51"]
[EventDate "2019.09.02"]
[EventType "schev"]
[EventCountry "TUR"]
[SourceTitle "playchess.com"]
[Source "ChessBase"]
[SourceQuality "1"]
[TimeControl "5400+30"]

1. Nf3 c5 2. c4 Nc6 3. Nc3 g6 4. g3 Bg7 5. Bg2 d6 6. O-O e5 7. a3 a5 8. d3 Nge7 9. Bd2 Be6 10. Ng5 Bf5 11. Nb5 Nd4 12. Nxd4 exd4 13. Bxb7 Rb8 14. Bg2 Rxb2 15. Rb1 Rxb1 16. Qxb1 O-O 17. Qb5 Qb8 18. Rb1 Qxb5 19. Rxb5 a4 20. Rb7 Bf6 21. Ne4 Bxe4 22. Bxe4 Rd8 23. Ba5 Ra8 24. Bc7 Ra6 25. Rb8+ Kg7 26. Bb7 1-0

[Event "IM Marmaris Karia X 2019"]
[Site "Marmaris"]
[Date "2019.09.02"]
[Round "3.2"]
[White "Kizilkus, Akin"]
[Black "Darban, Morteza"]
[Result "1/2-1/2"]
[ECO "E46"]
[WhiteElo "2376"]
[BlackElo "2283"]
[Annotator "RC"]
[PlyCount "129"]
[EventDate "2019.09.02"]
[EventType "schev"]
[EventCountry "TUR"]
[SourceTitle "playchess.com"]
[Source "ChessBase"]
[SourceQuality "1"]
[TimeControl "5400+30"]

1. d4 Nf6 2. c4 e6 3. Nc3 Bb4 4. e3 O-O 5. Nge2 Re8 6. a3 Bf8 7. Ng3 d5 8. Be2 dxc4 9. O-O c5 10. dxc5 Bxc5 11. Bxc4 a6 12. b4 Be7 13. Bb2 Bd7 14. Qe2 Bc6 15. Rad1 Nbd7 16. e4 Qc7 17. f4 Nb6 18. Bb3 Red8 19. Rc1 Qd7 20. Rcd1 Qe8 21. Rde1 Bb5 22. Nxb5 Qxb5 23. f5 e5 24. Rf3 Qxe2 25. Rxe2 Bd6 26. Kf1 Kf8 27. Rd3 Rac8 28. Red2 Ke7 29. Ke2 Rd7 30. Rd1 Bb8 31. Rxd7+ Nbxd7 32. Kf3 Ba7 33. Ne2 g6 34. g4 gxf5 35. gxf5 Rg8 36. h3 Rg5 37. Bc1 Rh5 38. Rh1 Rh4 39. Bg5 Rxe4 40. Bd5 Rxe2 41. Kxe2 b6 42. Bc6 Kd6 43. Bxd7 Nxd7 44. Rd1+ Kc6 45. Be7 Bb8 46. Kf3 b5 47. f6 Nb6 48. Rd8 Bc7 49. Rf8 Kd5 50. Rxf7 e4+ 51. Ke2 Ke6 52. Rxh7 Nd5 53. Rh4 Nf4+ 54. Kf1 e3 55. Rg4 Be5 56. Rxf4 Bxf4 57. Ke2 Bg5 58. h4 Bxh4 59. Kxe3 Bg5+ 60. Kd4 Bc1 61. Kc5 Bxa3 62. Kb6 Bxb4 63. Bxb4 Kxf6 64. Kxa6 Ke6 65. Kxb5 1/2-1/2

[Event "IM Marmaris Karia X 2019"]
[Site "Marmaris"]
[Date "2019.09.02"]
[Round "3.3"]
[White "Caglar, Sila"]
[Black "Rakhmangulova, Anastasiya"]
[Result "1-0"]
[ECO "C46"]
[WhiteElo "2242"]
[BlackElo "2204"]
[Annotator "RC"]
[PlyCount "70"]
[EventDate "2019.09.02"]
[EventType "schev"]
[EventCountry "TUR"]
[SourceTitle "playchess.com"]
[Source "ChessBase"]
[SourceQuality "1"]
[TimeControl "5400+30"]

1. e4 e5 2. Nf3 Nc6 3. d4 exd4 4. Nxd4 g6 5. Nc3 Bg7 6. Be3 Nge7 7. Qd2 d6 8. O-O-O a6 9. h4 h5 10. f4 Bg4 11. Nf3 Qd7 12. Bc4 b5 13. Be2 O-O 14. Nd5 Rfe8 15. Rde1 Nxd5 16. exd5 Ne7 17. Ng5 Qf5 18. Bxg4 hxg4 19. h5 Qxd5 20. h6 Qxd2+ 21. Bxd2 Bh8 22. h7+ Kf8 23. Bc3 Bxc3 24. bxc3 Kg7 25. h8=Q+ Rxh8 26. Rxh8 Rxh8 27. Rxe7 Rh2 28. Rxf7+ Kg8 29. Rxc7 Rxg2 30. Rd7 g3 31. Rxd6 Kg7 32. Rd7+ Kg8 33. Rd3 Rg1+ 34. Kd2 Rg2+ 35. Kc1 Rg1+ 1-0

[Event "IM Marmaris Karia X 2019"]
[Site "Marmaris"]
[Date "2019.09.02"]
[Round "4.2"]
[White "Rakhmangulova, Anastasiya"]
[Black "Kizilkus, Akin"]
[Result "0-1"]
[ECO "C01"]
[WhiteElo "2204"]
[BlackElo "2376"]
[Annotator "ChessBase"]
[PlyCount "60"]
[EventDate "2019.09.02"]
[EventType "schev"]
[EventCountry "TUR"]
[SourceTitle "playchess.com"]
[Source "ChessBase"]
[SourceQuality "1"]
[TimeControl "5400+30"]

1. e4 e6 2. d4 d5 3. exd5 exd5 4. Bd3 c5 5. Nf3 c4 6. Be2 Nf6 7. O-O Be7 8. b3 cxb3 9. axb3 O-O 10. c4 Nc6 11. Nc3 Bg4 12. Be3 Rc8 13. h3 Bh5 14. c5 Ne4 15. Na2 f5 16. b4 a6 17. Rb1 Bf6 18. g3 g5 19. Kh1 Qd7 20. Ne5 Nxe5 21. Bxh5 f4 22. Kh2 fxg3+ 23. fxg3 Nc4 24. Bc1 Bg7 25. Rb3 Nf2 26. Bg4 Qxg4 27. hxg4 Nxd1 28. Rxd1 Rf2+ 29. Kg1 Rxa2 30. Bxg5 Re8 0-1

[Event "IM Marmaris Karia X 2019"]
[Site "Marmaris"]
[Date "2019.09.02"]
[Round "5.5"]
[White "Altun, Arda"]
[Black "Darban, Morteza"]
[Result "0-1"]
[ECO "B03"]
[WhiteElo "2151"]
[BlackElo "2283"]
[Annotator "RC"]
[PlyCount "88"]
[EventDate "2019.09.02"]
[EventType "schev"]
[EventCountry "TUR"]
[SourceTitle "playchess.com"]
[Source "ChessBase"]
[SourceQuality "1"]
[TimeControl "5400+30"]

1. e4 Nf6 2. e5 Nd5 3. c4 Nb6 4. d4 d6 5. exd6 cxd6 6. Nc3 g6 7. Be3 Bg7 8. Rc1 O-O 9. b3 e6 10. Nf3 Nc6 11. Be2 Ne7 12. O-O Bd7 13. Qd2 Bc6 14. Bh6 Bxh6 15. Qxh6 Bxf3 16. Bxf3 d5 17. c5 Nbc8 18. Rfd1 Nc6 19. Ne2 Qf6 20. Qe3 N8e7 21. g4 g5 22. Ng3 Qg6 23. Be2 f5 24. gxf5 Nxf5 25. Nxf5 exf5 26. Qf3 Rad8 27. b4 a6 28. h4 h6 29. hxg5 hxg5 30. Kg2 Rfe8 31. Bd3 Nxd4 32. Qh3 g4 33. Qh2 Nf3 34. Qf4 Re5 35. Rh1 Kg7 36. Kg3 Rde8 37. a4 Ng5 38. Rcg1 Qf6 39. Qd2 Nf3 40. Qf4 Nxg1 41. Rxg1 Rh8 42. Kg2 Rh3 43. Bb1 Rf3 44. Qd4 Re2 0-1

[Event "IM Marmaris Karia X 2019"]
[Site "Marmaris"]
[Date "2019.09.02"]
[Round "6.4"]
[White "Darban, Morteza"]
[Black "Sahin, Ozgun"]
[Result "0-1"]
[ECO "B10"]
[WhiteElo "2283"]
[BlackElo "2205"]
[Annotator "NA"]
[PlyCount "68"]
[EventDate "2019.09.02"]
[EventType "schev"]
[EventCountry "TUR"]
[SourceTitle "playchess.com"]
[Source "ChessBase"]
[SourceQuality "1"]
[TimeControl "5400+30"]

1. e4 c5 2. Nf3 g6 3. c3 Bg7 4. d4 cxd4 5. cxd4 d5 6. exd5 Nf6 7. Bb5+ Nbd7 8. Nc3 O-O 9. d6 exd6 10. O-O a6 11. Bd3 b5 12. Bf4 Nb6 13. Rc1 Bb7 14. Re1 Nc4 15. b3 Nb2 16. Qe2 Nxd3 17. Qxd3 b4 18. Na4 Nd5 19. Bd2 Qd7 20. h3 Qb5 21. Nb2 Rfc8 22. Rc4 Qa5 23. a4 Qd8 24. Rxc8 Rxc8 25. Nc4 Nc3 26. Rc1 Bxf3 27. gxf3 Bxd4 28. Re1 Qh4 29. Be3 Bxe3 30. Rxe3 Qxh3 31. Re1 d5 32. Ne5 Qe6 33. Qd4 f6 34. Nd3 Qxe1+ 0-1

[Event "IM Marmaris Karia X 2019"]
[Site "Marmaris"]
[Date "2019.09.02"]
[Round "6.5"]
[White "Rakhmangulova, Anastasiya"]
[Black "Altun, Arda"]
[Result "1-0"]
[ECO "D14"]
[WhiteElo "2204"]
[BlackElo "2151"]
[Annotator "NA"]
[PlyCount "85"]
[EventDate "2019.09.02"]
[EventType "schev"]
[EventCountry "TUR"]
[SourceTitle "playchess.com"]
[Source "ChessBase"]
[SourceQuality "1"]
[TimeControl "5400+30"]

1. d4 d5 2. Nf3 Nf6 3. c4 c6 4. cxd5 cxd5 5. Nc3 Nc6 6. Bf4 Bf5 7. Qb3 Na5 8. Qa4+ Bd7 9. Qc2 e6 10. e3 Rc8 11. Bd3 Be7 12. O-O b5 13. a3 a6 14. Ne5 Bc6 15. Rfc1 Bb7 16. Qd1 Nc4 17. Qe2 O-O 18. Bg3 Qb6 19. f4 Rc7 20. f5 Bd6 21. Bxc4 dxc4 22. fxe6 fxe6 23. Rf1 Rcc8 24. Rxf6 gxf6 25. Qg4+ Kh8 26. Qxe6 Qc7 27. Ng6+ hxg6 28. Bxd6 Qc6 29. d5 Qb6 30. Qh3+ Kg7 31. Bxf8+ Rxf8 32. Rd1 Re8 33. Rd4 f5 34. Qg3 b4 35. axb4 Qxb4 36. Qc7+ Kg8 37. Rh4 Qe7 38. Qxe7 Rxe7 39. Rxc4 Rxe3 40. Rc7 Bxd5 41. Nxd5 Rd3 42. Ne7+ Kf7 43. Rc3 1-0

[Event "IM Marmaris Karia X 2019"]
[Site "Marmaris"]
[Date "2019.09.02"]
[Round "7.3"]
[White "Caglar, Sila"]
[Black "Darban, Morteza"]
[Result "0-1"]
[ECO "D40"]
[WhiteElo "2242"]
[BlackElo "2283"]
[Annotator "NA"]
[PlyCount "68"]
[EventDate "2019.09.02"]
[EventType "schev"]
[EventCountry "TUR"]
[SourceTitle "playchess.com"]
[Source "ChessBase"]
[SourceQuality "1"]
[TimeControl "5400+30"]

1. e4 e6 2. d4 d5 3. Nd2 Nf6 4. Bd3 c5 5. c3 cxd4 6. cxd4 dxe4 7. Nxe4 Be7 8. Nf3 O-O 9. O-O Nc6 10. Nc3 a6 11. a3 b5 $11 12. b4 Bb7 13. Be3 Rc8 14. Rc1 Nb8 15. Bb1 Nbd7 16. Bg5 Nb6 17. Qd3 g6 18. Ne5 Nc4 19. Nxc4 Rxc4 20. Be3 Qd6 21. f3 Rfc8 22. Ne4 Nxe4 23. fxe4 f5 24. exf5 gxf5 25. Ba2 Be4 26. Qd1 Rxc1 27. Bxc1 Rc2 28. Rf2 Rxf2 29. Kxf2 Qxh2 30. Bxe6+ Kg7 31. d5 Qxg2+ 32. Ke3 Qg3+ 33. Kd4 Bf6+ 34. Kc5 Qc7# 0-1

[Event "IM Marmaris Karia X 2019"]
[Site "Marmaris"]
[Date "2019.09.02"]
[Round "7.4"]
[White "Sahin, Ozgun"]
[Black "Rakhmangulova, Anastasiya"]
[Result "0-1"]
[ECO "B01"]
[WhiteElo "2205"]
[BlackElo "2204"]
[Annotator "ChessBase"]
[PlyCount "131"]
[EventDate "2019.09.02"]
[EventType "schev"]
[EventCountry "TUR"]
[SourceTitle "playchess.com"]
[Source "ChessBase"]
[SourceQuality "1"]
[TimeControl "5400+30"]

1. e4 d5 2. exd5 Qxd5 3. Nc3 Qd6 4. Nf3 Nf6 5. d4 g6 6. Ne5 Bg7 7. f4 O-O 8. g4 c5 9. d5 Nbd7 10. Nc4 Qb8 11. Qf3 Nb6 12. Ne3 e6 13. dxe6 fxe6 14. Bg2 Nfd5 15. Nexd5 exd5 16. O-O Be6 17. f5 gxf5 18. gxf5 Rxf5 19. Bf4 Qe8 20. Rae1 Qg6 21. Kh1 Raf8 22. Ne2 R5f7 23. Rf2 Bg4 24. Qg3 Re8 25. Bc7 Rxf2 26. Qxf2 Qe6 27. Bf3 Bxf3+ 28. Qxf3 Nc4 29. Bg3 Nd2 30. Qd3 Qe4+ 31. Qxe4 Nxe4 32. Rd1 d4 33. Kg2 Nd6 34. Nf4 Nc4 35. Kf3 Re3+ 36. Kg4 Re7 37. Rb1 Ne3+ 38. Kf3 c4 39. Rc1 b5 40. b3 Nf5 41. Bf2 Rf7 42. bxc4 bxc4 43. Rb1 h6 44. Rb8+ Kh7 45. Rc8 Be5 46. Bg3 Ne7 47. Rxc4 Ng6 48. Ke4 Bxf4 49. Rxd4 Re7+ 50. Kf5 Re5+ 51. Kg4 h5+ 52. Kf3 Bxg3 53. hxg3 Rc5 54. Rd7+ Kh6 55. Rxa7 Rxc2 56. Ra5 Rc3+ 57. Kg2 Ne7 58. Kh3 Kg6 59. Ra8 Kg5 60. Re8 Ng6 61. Kg2 Rc2+ 62. Kf3 Rxa2 63. Re3 Kf5 64. Rb3 Ne5+ 65. Ke3 Ra3 66. Kd4 0-1

[Event "IM Marmaris Karia X 2019"]
[Site "Marmaris"]
[Date "2019.09.02"]
[Round "8.3"]
[White "Rakhmangulova, Anastasiya"]
[Black "Caglar, Sila"]
[Result "1/2-1/2"]
[ECO "E06"]
[WhiteElo "2204"]
[BlackElo "2242"]
[Annotator "ChessBase"]
[PlyCount "100"]
[EventDate "2019.09.02"]
[EventType "schev"]
[EventCountry "TUR"]
[SourceTitle "playchess.com"]
[Source "ChessBase"]
[SourceQuality "1"]
[TimeControl "5400+30"]

1. d4 Nf6 2. Nf3 e6 3. c4 d5 4. g3 Be7 5. Bg2 O-O 6. O-O c6 7. Nc3 b6 8. Ne5 Bb7 9. cxd5 cxd5 10. Qa4 a6 11. f4 b5 12. Qc2 Qb6 13. e3 Rc8 14. Qf2 b4 15. Na4 Qb5 16. b3 Nbd7 17. g4 Rc7 18. Bd2 Rac8 19. Rac1 Ne4 20. Bxe4 dxe4 21. Nxd7 Rxd7 22. Rxc8+ Bxc8 23. Rc1 Qb8 24. Nc5 Bxc5 25. Rxc5 Rc7 26. Bxb4 Rxc5 27. Bxc5 Qb5 28. Qc2 Bb7 29. g5 a5 30. a4 Qd3 31. Qxd3 exd3 32. Kf2 Bd5 33. b4 axb4 34. Bxb4 f5 35. gxf6 gxf6 36. e4 Bxe4 37. Ke3 f5 38. d5 Bxd5 39. Kxd3 Kf7 40. Kd4 Kg6 41. a5 Kh5 42. Ke5 Kg4 43. Be7 Kh3 44. Kf6 Kxh2 45. Kg5 Kg3 46. Bd6 Kf3 47. Kh6 Ke4 48. Kxh7 Bc4 49. Kg6 Kd5 50. Be5 Kc6 1/2-1/2

[Event "IM Marmaris Karia X 2019"]
[Site "Marmaris"]
[Date "2019.09.02"]
[Round "10.1"]
[White "Rakhmangulova, Anastasiya"]
[Black "Tarlabasi, Emirhan"]
[Result "1/2-1/2"]
[ECO "B22"]
[WhiteElo "2204"]
[BlackElo "2341"]
[Annotator "ChessBase"]
[PlyCount "53"]
[EventDate "2019.09.02"]
[EventType "schev"]
[EventCountry "TUR"]
[SourceTitle "playchess.com"]
[Source "ChessBase"]
[SourceQuality "1"]
[TimeControl "5400+30"]

1. e4 e6 2. d4 d5 3. Bd3 c5 4. exd5 exd5 5. Nf3 c4 6. Be2 Bd6 7. O-O Ne7 8. b3 cxb3 9. axb3 O-O 10. c4 Nbc6 11. Nc3 Bg4 12. c5 Bb8 13. h3 Bh5 14. Rb1 a6 15. b4 b5 16. g3 Ra7 17. Nh4 Bxe2 18. Nxe2 Qc8 19. Kg2 Nf5 20. Nf3 Re8 21. Nc3 Rd7 22. Kh1 Kh8 23. Kg2 Kg8 24. Kh2 Kh8 25. Kg2 Kg8 26. Kh2 Kh8 27. Kg2 1/2-1/2

[Event "IM Marmaris Karia X 2019"]
[Site "Marmaris"]
[Date "2019.09.02"]
[Round "10.2"]
[White "Nagy, Gabor"]
[Black "Kizilkus, Akin"]
[Result "1/2-1/2"]
[ECO "E60"]
[WhiteElo "2484"]
[BlackElo "2376"]
[Annotator "ChessBase"]
[PlyCount "28"]
[EventDate "2019.09.02"]
[EventType "schev"]
[EventCountry "TUR"]
[SourceTitle "playchess.com"]
[Source "ChessBase"]
[SourceQuality "1"]
[TimeControl "5400+30"]

1. Nf3 Nf6 2. g3 g6 3. b3 Bg7 4. Bb2 O-O 5. c4 d6 6. d4 e5 7. dxe5 dxe5 8. Nfd2 e4 9. e3 Bg4 10. Be2 Bh3 11. Bf1 Bg4 12. Be2 Bh3 13. Bf1 Bg4 14. Be2 Bh3 1/2-1/2

[Event "IM Marmaris Karia X 2019"]
[Site "Marmaris"]
[Date "2019.09.02"]
[Round "10.4"]
[White "Abdulov, Orkhan"]
[Black "Sahin, Ozgun"]
[Result "1/2-1/2"]
[ECO "C68"]
[WhiteElo "2384"]
[BlackElo "2205"]
[Annotator "NA"]
[PlyCount "29"]
[EventDate "2019.09.02"]
[EventType "schev"]
[EventCountry "TUR"]
[SourceTitle "playchess.com"]
[Source "ChessBase"]
[SourceQuality "1"]
[TimeControl "5400+30"]

1. e4 e5 2. Nf3 Nc6 3. Bb5 a6 4. Bxc6 dxc6 5. O-O Bg4 6. h3 h5 7. c3 Qd3 8. hxg4 hxg4 9. Nxe5 Bd6 10. Nxd3 Bh2+ 11. Kh1 Bg3+ 12. Kg1 Bh2+ 13. Kh1 Bg3+ 14. Kg1 Bh2+ 15. Kh1 1/2-1/2

[Event "IM Marmaris Karia X 2019"]
[Site "Marmaris"]
[Date "2019.09.02"]
[Round "10.5"]
[White "Darban, Morteza"]
[Black "Altun, Arda"]
[Result "1-0"]
[ECO "B18"]
[WhiteElo "2283"]
[BlackElo "2151"]
[Annotator "ChessBase"]
[PlyCount "53"]
[EventDate "2019.09.02"]
[EventType "schev"]
[EventCountry "TUR"]
[SourceTitle "playchess.com"]
[Source "ChessBase"]
[SourceQuality "1"]
[TimeControl "5400+30"]

1. e4 c6 2. d4 d5 3. Nd2 dxe4 4. Nxe4 Bf5 5. Nc5 b6 6. Nb3 Nf6 7. Nf3 e6 8. g3 Nbd7 9. Bg2 Rc8 10. O-O Be7 11. Qe2 O-O 12. Ne5 Nd5 13. g4 Bg6 14. c4 Nb4 15. Nxg6 hxg6 16. a3 Na6 17. Bf4 Nf6 18. Rad1 Bd6 19. Bxd6 Qxd6 20. g5 Nh5 21. c5 Qf4 22. Qxa6 b5 23. Bxc6 Qxg5+ 24. Kh1 Nf6 25. Bg2 Ng4 26. h3 Qh4 27. Kg1 1-0